AoeStats
← leogpoa

Arabia

508171953Analyzed
1v1 RM · 12d ago on Sep 21, 2026· 33m 21s· 2 players
Game mode
Random Map
Map size
Tiny (2 player)
Population
200
Speed
Normal
Resources
Standard
Victory
Conquest
Starting age
Dark Age
Ending age
Imperial Age
RankedLock teamsTeams togetherTeam positionsShared explorationLock speedFull tech treeHidden civsTurbo modeCheats
Victory
Defeat
🇧🇬 Franks · Bulgaria
675
+13
🇧🇷 Khmer · Brazil
614
-17
leogpoa
18:09 Feudal Age
22:38 Man-at-Arms
TheGame
13:34 Feudal Age
13:35 Man-at-Arms
14:57 Wheelbarrow
14:42 Arson
22:24 Loom
23:29 Forging
23:33 Scale Barding Armor
26:29 Forging
31:31 Scale Mail Armor
Connection lost

Rejoining the realm…

Still unreachable

The connection could not be restored.

Session expired

The server has moved on; the page needs a fresh start.